Map: Blackpink LE

Players

Optimus

  • Race: Terran Terran
  • Spawn Location: 7:00

Guru - Winner!

  • Race: Zerg Zerg
  • Spawn Location: 1:00

Event: IEM Season 12 - Katowice

VOD

Have the link to the VOD?

Description

Time

  • Played on: Feb. 26, 2018, 10:56 a.m.
  • Length: 12:33

All games in this series

Show
View Real Time Build Order
Export as new Build Order

Optimus Terran 

Build Orders: Gas First Reaper Expand, Reaper Expand, Hellion Banshee, MMM Bio 

Get SALT Encoding   

  12  0:00  SCV  
  13  0:12  SCV  
  14  0:17  Supply Depot  
  14  0:24  SCV  
  14  0:28  Refinery  
  15  0:38  SCV  
  16  0:44  Barracks  
  16  0:50  SCV  
  17  1:02  SCV  
  18  1:15  SCV  
  19  1:31  Reaper, Orbital Command  
  20  1:42  Command Center  
  20  1:51  Factory  
  20  1:57  SCV  
  21  2:02  Refinery  
  21  2:05  Barracks Reactor  
  21  2:09  SCV  
  21  2:13  Supply Depot  
  22  2:21  SCV  
  23  2:35  SCV  
  24  2:38  Starport  
  24  2:47  SCV  
  24  2:48  Hellion x2, Barracks Tech Lab  
  29  2:56  Orbital Command  
  29  2:59  SCV  
  30  3:11  Hellion x2, SCV  
  35  3:23  SCV  
  35  3:25  SCV  
  36  3:33  Hellion  
  36  3:34  Hellion  
  40  3:35  SCV  
  40  3:37  SCV  
  40  3:41  Viking  
  42  3:44  Cloaking Field  
  42  3:47  SCV  
  40  3:49  SCV  
  40  3:54  Supply Depot  
  41  4:00  SCV  
  41  4:01  SCV  
  43  4:05  Supply Depot  
  43  4:12  SCV  
  43  4:13  SCV  
  43  4:15  Banshee  
  48  4:22  Command Center  
  48  4:24  SCV  
  48  4:29  Barracks Tech Lab  
  48  4:30  Supply Depot  
  49  4:31  SCV  
  49  4:37  SCV  
  51  4:41  Factory Reactor  
  51  4:43  SCV  
  51  4:44  Barracks  
  52  4:46  Barracks  
  52  4:48  Stimpack, Marine  
  52  4:50  SCV  
  54  4:56  SCV  
  54  4:58  Banshee  
  58  5:05  Bunker x2  
  58  5:06  Marine  
  59  5:10  SCV  
  60  5:14  SCV  
  59  5:22  SCV  
  59  5:23  Marine  
  59  5:28  SCV  
  59  5:33  Marine x2  
  59  5:34  SCV  
  52  5:36  Orbital Command  
  52  5:40  Banshee  
  52  5:41  Marine  
  47  5:50  Hellion x2  
  47  5:53  SCV  
  47  5:57  Marine x2  
  43  5:59  Marine  
  43  6:02  Marine  
  47  6:13  Command Center  
  47  6:14  Marine  
  47  6:16  SCV x2  
  47  6:17  Marine  
  51  6:32  Supply Depot  
  51  6:33  Supply Depot, Starport Reactor  
  51  6:37  Supply Depot  
  51  6:51  Engineering Bay, Combat Shields  
  51  6:53  Marine x2  
  51  6:54  Engineering Bay, SCV x2, Marine  
  56  7:02  Supply Depot  
  56  7:03  Marine  
  56  7:06  SCV x2  
  59  7:13  Medivac  
  59  7:14  Marine, Medivac  
  64  7:18  SCV x2  
  66  7:27  Orbital Command  
  66  7:30  SCV x2  
  66  7:33  Terran Infantry Armor Level 1, Terran Infantry Weapons Level 1  
  68  7:42  SCV  
  68  7:43  SCV  
  68  7:47  Supply Depot  
  68  7:49  Marine x5  
  73  7:54  Siege Tank  
  73  7:57  SCV x2  
  78  8:03  SCV  
  79  8:07  Marine x3  
  79  8:09  SCV x2  
  79  8:10  Concussive Shells  
  84  8:15  SCV  
  85  8:21  Marine  
  85  8:22  Marine  
  85  8:25  Marine x3, Barracks  
  85  8:26  Barracks  
  86  8:27  Unknown  
  86  8:34  Siege Tank, Orbital Command  
  89  8:38  Supply Depot  
  89  8:39  Marine x2  
  91  8:42  Armory  
  91  8:43  Marine x2  
  91  8:45  Marine  
  95  8:48  SCV x2  
  95  8:51  Medivac x2  
  100  8:55  Supply Depot  
  100  8:57  Marine  
  100  8:59  Marine  
  100  9:00  Marine, Refinery x2  
  103  9:03  SCV x2  
  103  9:04  SCV  
  106  9:13  Siege Tank  
  106  9:14  Barracks Reactor x2  
  109  9:17  SCV x3  
  109  9:19  Marine x2  
  114  9:26  Supply Depot  
  114  9:29  SCV  
  114  9:30  SCV x2  
  117  9:38  Terran Infantry Weapons Level 2  
  117  9:41  Terran Infantry Armor Level 2  
  117  9:47  SCV x2, Marine x3  
  117  9:51  Supply Depot, SCV  
  123  9:54  Supply Depot  
  123  9:59  SCV  
  124  10:00  SCV  
  124  10:03  Supply Depot  
  124  10:05  Supply Depot  
  125  10:07  Supply Depot  
  125  10:12  SCV x2, Medivac x2  
  131  10:14  Marine  
  131  10:15  Marine  
  131  10:16  Marine x4  
  131  10:20  Siege Tank  
  140  10:26  Marine x2  
  145  10:34  Supply Depot  
  145  10:35  Supply Depot  
  124  10:39  Command Center  
  124  10:40  Marine  
  124  10:41  Marine x2  
  127  10:44  Marine x4  
  131  10:50  Marine  
  131  10:51  Marine  
  131  10:52  Siege Tank  
  136  10:58  Marine x2  
  136  10:59  Marine  
  136  11:02  Marine x4  
  143  11:06  Medivac x2  
  143  11:08  Marine  
  148  11:11  Refinery  
  148  11:12  Refinery  
  148  11:22  Ghost Academy  
  148  11:23  Barracks  
  148  11:24  Barracks  
  148  11:27  Marine x5  
  153  11:35  Siege Tank  
  153  11:36  Marine x4  
  153  11:38  SCV  
  141  11:54  Marine x7  
  141  11:57  Medivac x2  
  155  12:15  Barracks Tech Lab x2  
Show
View Real Time Build Order
Export as new Build Order

Guru Zerg - Winner!

Build Orders: Hatch First 

Get SALT Encoding   

  12  0:00  Drone  
  13  0:12  Overlord  
  13  0:18  Drone  
  14  0:31  Drone x2  
  14  0:35  Drone  
  17  0:52  Hatchery  
  17  0:54  Drone  
  17  1:08  Spawning Pool  
  16  1:11  Extractor  
  16  1:12  Drone  
  16  1:16  Drone  
  17  1:19  Drone  
  18  1:28  Drone  
  19  1:40  Drone  
  20  1:54  Queen  
  22  2:03  Queen  
  22  2:05  Zergling x2  
  22  2:06  Zergling x2  
  22  2:07  Drone  
  27  2:12  Metabolic Boost  
  27  2:13  Drone  
  28  2:23  Hatchery  
  28  2:27  Drone  
  28  2:36  Overlord  
  27  2:41  Overlord  
  27  2:51  Drone  
  27  2:55  Drone x3  
  27  2:56  Drone  
  27  2:57  Drone  
  33  3:05  Drone  
  34  3:08  Drone x3  
  34  3:10  Drone  
  38  3:13  Queen  
  41  3:20  Zergling x2  
  41  3:21  Zergling x6  
  43  3:29  Roach Warren  
  43  3:32  Drone  
  42  3:43  Drone x2  
  42  3:46  Drone x2, Extractor  
  42  3:47  Drone x2  
  42  3:48  Drone x2  
  48  3:49  Drone x2  
  48  3:53  Overlord  
  50  3:59  Overlord  
  50  4:01  Overlord  
  50  4:04  Overlord  
  50  4:12  Drone  
  50  4:17  Roach x3  
  57  4:19  Roach  
  57  4:20  Roach x3  
  57  4:23  Roach  
  67  4:29  Drone  
  68  4:32  Overlord  
  68  4:35  Zergling x6  
  71  4:44  Overlord  
  71  4:45  Zergling x4  
  72  4:55  Zergling x2  
  72  4:56  Zergling x8  
  72  4:57  Zergling x6  
  80  5:03  Zergling x2  
  80  5:04  Ravager x2  
  80  5:05  Ravager  
  80  5:06  Hatchery  
  83  5:08  Drone x4  
  83  5:11  Zergling x2  
  88  5:18  Zergling x2  
  87  5:24  Zergling x2  
  87  5:25  Zergling x8  
  87  5:26  Zergling x2  
  89  5:30  Drone x2  
  83  5:36  Overlord  
  83  5:39  Overlord  
  82  5:43  Overlord  
  82  5:45  Overlord  
  73  5:51  Overlord  
  73  5:52  Drone  
  73  5:54  Overlord  
  73  5:55  Drone  
  73  5:56  Drone  
  71  6:00  Lair  
  71  6:03  Drone x3, Evolution Chamber  
  70  6:04  Evolution Chamber  
  70  6:05  Queen x2  
  70  6:06  Drone  
  70  6:07  Drone x2  
  72  6:19  Drone x3, Extractor  
  72  6:20  Extractor  
  72  6:21  Spore Crawler  
  73  6:25  Spore Crawler  
  73  6:26  Drone, Baneling Nest  
  73  6:27  Spore Crawler  
  73  6:28  Drone  
  73  6:29  Drone  
  73  6:32  Drone, Zerg Melee Weapons Level 1, Zerg Ground Armor Level 1  
  73  6:33  Drone  
  73  6:36  Spore Crawler  
  73  6:38  Drone  
  73  6:39  Drone  
  75  6:40  Drone  
  75  6:45  Drone, Extractor  
  75  6:46  Drone x3  
  78  6:47  Queen  
  78  6:49  Zergling x8  
  78  6:50  Zergling x2  
  78  6:53  Zergling x2  
  86  6:59  Overseer  
  85  7:07  Zergling x2  
  84  7:13  Zergling x2  
  84  7:14  Zergling x14  
  84  7:15  Drone x5  
  97  7:17  Centrifical Hooks  
  97  7:18  Drone  
  98  7:23  Drone, Hydralisk Den  
  98  7:30  Drone x3, Extractor  
  98  7:31  Drone, Hatchery  
  100  7:39  Drone, Extractor  
  100  7:40  Infestation Pit  
  99  7:46  Zergling x2  
  99  7:47  Zergling x16  
  99  7:49  Baneling x4  
  108  7:57  Zergling x2  
  108  7:58  Zergling x4  
  111  8:01  Overlord  
  111  8:08  Muscular Augments  
  111  8:12  Overlord  
  111  8:13  Spore Crawler  
  111  8:14  Zergling x2  
  103  8:25  Zergling x6  
  103  8:26  Zergling x16  
  103  8:27  Overlord  
  114  8:29  Zergling x2  
  112  8:35  Hydralisk x6  
  112  8:36  Hydralisk x2  
  112  8:41  Hive  
  127  8:43  Drone x3  
  127  8:47  Hydralisk x2  
  133  8:52  Overlord  
  131  8:56  Overlord  
  131  8:58  Baneling x3  
  131  8:59  Baneling x3  
  131  9:00  Overlord  
  131  9:04  Overlord  
  131  9:08  Zerg Missile Weapons Level 1  
  131  9:10  Zerg Melee Weapons Level 2  
  131  9:13  Hydralisk x4  
  131  9:16  Drone x2  
  131  9:17  Drone  
  142  9:20  Drone x2, Grooved Spines  
  142  9:23  Hydralisk  
  142  9:24  Hydralisk  
  144  9:26  Zergling x6  
  151  9:34  Hydralisk x3  
  157  9:39  Hydralisk x3  
  157  9:42  Hydralisk  
  165  9:47  Drone  
  165  9:51  Overlord x2  
  164  9:58  Adrenal Glands  
  163  10:04  Extractor  
  161  10:07  Drone x2  
  161  10:08  Drone x2  
  161  10:10  Ultralisk Cavern  
  161  10:12  Drone x3  
  164  10:15  Spore Crawler  
  164  10:16  Spore Crawler  
  162  10:21  Overlord  
  158  10:36  Overlord  
  158  10:37  Overlord  
  158  10:38  Zergling x2  
  158  10:39  Zergling x14  
  166  10:43  Drone  
  166  10:44  Overlord  
  166  10:46  Baneling x4  
  166  10:47  Overlord x2, Baneling  
  167  10:50  Zergling x2  
  167  10:52  Zergling x2  
  167  10:53  Zergling x2, Spire  
  167  10:54  Zergling x12  
  167  10:55  Zergling x4  
  177  11:10  Hydralisk  
  179  11:12  Chitinous Plating  
  179  11:14  Ultralisk x3  
  197  11:20  Hydralisk  
  199  11:26  Zergling x2  
  200  11:38  Zergling x4  
  199  11:41  Zergling x2  
  180  11:57  Drone  
  196  12:18  Hatchery  

Tags
 
Add a new tag
Caveats
  • Supply blocks, unpowered buildings, or Contaminate may cause inaccurate times.
  • Supply counts are checked every 10 seconds.